 Dungeon Crawl Stone Soup version 0.24-a0-479-g9a978d2894 (webtiles) character file.

Game seed: 12804451547358871119

29 dricus the Sneak (level 3, -1/25 HPs)
             Began as an Octopode Assassin on July 7, 2019.
             Slain by an adder (3 damage)
             ... on level 2 of the Dungeon.
             The game lasted 00:01:24 (823 turns).

dricus the Sneak (Octopode Assassin)                 Turns: 823, Time: 00:01:24

Health: -1/25      AC:  1    Str: 10    XL:     3   Next: 16%
Magic:  3/3        EV: 18    Int: 13    God:
Gold:   15         SH:  0    Dex: 19    Spells: 2/2 levels left

rFire    . . .     SeeInvis .   a - +2 dagger
rCold    . . .     Gourm    .   (no shield)
rNeg     . . .     Faith    .   (helmet restricted)
rPois    .         Spirit   .   (no amulet)
rElec    .         Reflect  .   (no ring)
rCorr    .         Harm     .   (no ring)
MR       .....                  (no ring)
Stlth    +++++.....             (no ring)
HPRegen  0.08/turn              (no ring)
MPRegen  0.08/turn              (no ring)
                                (no ring)
                                (no ring)

@: agile, lethally poisoned (-1 -> -12)
A: almost no armour, stealthy swim, amphibious, 8 rings, constrict 8, camouflage
1, gelatinous body 1
a: no special abilities


You were on level 2 of the Dungeon.
You were not hungry.

You visited 1 branch of the dungeon, and saw 2 of its levels.

You collected 15 gold pieces.

Inventory:

Hand Weapons
 a - a +2 dagger (weapon)
Missiles
 b - 12 poisoned darts (quivered)
 c - 2 curare-tipped darts {!f}
 g - 84 stones
Scrolls
 d - 2 scrolls of identify {unknown}
 f - a scroll of random uselessness {unknown}
 j - a scroll of enchant armour {unknown}
 k - a scroll of remove curse {unknown}
Potions
 i - a potion of agility
Comestibles
 e - 4 rations {!d}
 h - 2 chunks of flesh


   Skills:
 + Level 2.3 Fighting
 * Level 2.7 Short Blades
 - Level 2.0 Throwing
 + Level 1.2 Dodging
 + Level 5.7 Stealth


You had 2 spell levels left.
You didn't know any spells.
Your spell library was empty.

Dungeon Overview and Level Annotations

Branches:
Dungeon (2/15)

Altars:


Innate Abilities, Weirdness & Mutations

You cannot wear most types of armour.
You are very stealthy in the water. (Stealth+)
You are amphibious.
You can wear up to eight rings at the same time.
You can use your tentacles to constrict eight enemies at once.
Your skin changes colour to match your surroundings (Stealth+).
Your rubbery body absorbs attacks. (AC +1, EV +1)


Message History

Your experience leads to an increase in your attributes!
Increase (S)trength, (I)ntelligence, or (D)exterity?
You feel agile.
You butcher the adder corpse.
h - 2 chunks of flesh (gained 1)
You see here an adder skeleton. x2
Found a stone staircase leading up.
There is a stone staircase leading up here.
A ball python, an adder, a goblin and a kobold come into view.
Found a scroll labeled LUFOET ZEXITUN.
There are monsters nearby!
The goblin shouts!
The kobold shouts!
The adder hisses angrily.
Found a scroll labeled UCUAGR ODYH.
The ball python hisses angrily.
The adder bites you. The ball python closely misses you.
The ball python barely misses you. The adder bites you.
There is a stone staircase leading up here.
You hit the adder. Your grab misses the adder. You barely miss the adder.
Your grab misses the adder. Your squeeze misses the adder. The adder bites you.
You are poisoned.
The adder poisons you!
You miss the adder. Your grab misses the adder. You squeeze the adder.
You feel sick. The ball python barely misses you. x2
The adder closely misses you.
You closely miss the adder. Your grab misses the adder.
The ball python bites you.
* * * LOW HITPOINT WARNING * * *
The ball python grabs you.
* * * LOW HITPOINT WARNING * * *
The ball python constricts you. The adder bites you.
* * * LOW HITPOINT WARNING * * *
You are lethally poisoned!
The adder poisons you!
You escape the ball python's grasp.
* * * LOW HITPOINT WARNING * * *
You feel sick.
It was a potion of agility.
You feel agile all of a sudden.
* * * LOW HITPOINT WARNING * * *
You feel sick. The adder bites you.
* * * LOW HITPOINT WARNING * * *
You are more poisoned.
The adder poisons you!
Unknown command.
You closely miss the adder. Your grab misses the adder.
* * * LOW HITPOINT WARNING * * *
You feel sick. The adder bites you.
You die...

#.........?...#
#.............#
+.............#
#.............#
##............?.
##.....K........#
#.....K..g......#
.#.#.#g############
# #SS@.........#
#.##########.#
#.#........#.#
#.#.#####.##.#
#.#.#<..#.##.#
#.#.###.#.##.#
#.#.....#.##.#
#.#######.##.#
.......รท.##.#


You could see an adder, a goblin, a ball python and a kobold.

Vanquished Creatures
  An adder (D:2)
  A dart slug (D:1)
  A leopard gecko (D:2)
  2 goblins (D:1)
  5 hobgoblins (D:1)
  4 bats
  A frilled lizard (D:1)
  A rat (D:1)
16 creatures vanquished.

Notes
Turn   | Place    | Note
-------+----------+-------------------------------------------
     0 | D:1      | dricus the Octopode Assassin began the quest for the Orb.
     0 | D:1      | Reached XP level 1. HP: 14/14 MP: 1/1
    98 | D:1      | Reached XP level 2. HP: 18/19 MP: 2/2
   789 | D:2      | Reached XP level 3. HP: 25/25 MP: 3/3
   823 | D:2      | Slain by an adder

Levels and vault maps discovered:
D:1:      zelgadis_glass_arrival_small, layout_rooms, serial_corexii_hall,
          corexii_hall_statues_i, corexii_hall_statues_l,
          chequers_hall_statues_y, chequers_hall_statues_wall_a,
          corexii_hall_statues_s, corexii_hall_statues_deadend,
          lemuel_flame_loot_1
D:2:      layout_basic, tgw_xom, kennysheep_another_room,
          chequers_serial_rivers_micro_a, grunt_decor_arrowhead,
          cheibrodos_gnoll_hut, uniq_robin

Action                   || total
-------------------------++-------
Melee: Dagger            ||    27
       Tentacles         ||     5
       Constrict         ||     4
  Use: Potion            ||     1
 Stab: Sleeping          ||     8
Armor: Skin              ||     1
Dodge: Dodged            ||    14

Table legend:
 A = Non-vault XP
 B = Vault XP
 C = Vault XP percentage of total XP
 D = Non-vault monster count
 E = Vault monster count
 F = Vault count percentage of total count
                 A         B        C        D         E       F
            +---------+---------+-------+---------+---------+-------
      Total |      42 |       0 |   0.0 |      16 |       0 |   0.0
            +---------+---------+-------+---------+---------+-------
        D:1 |      24 |       0 |   0.0 |      13 |       0 |   0.0
        D:2 |      18 |       0 |   0.0 |       3 |       0 |   0.0
            +---------+---------+-------+---------+---------+-------
